 Dungeon Crawl Stone Soup version 0.30-a0-169-g06f667207d (webtiles) character file.

Game seed: 12811898759417748783

94 qw the Chopper (level 4, -6/28 HPs)
             Began as a Gargoyle Fighter on Sept 29, 2022.
             Killed by divine providence
             ... invoked by an orc priest
              (9 damage)
             ... on level 3 of the Dungeon.
             The game lasted 00:00:48 (2570 turns).

qw the Chopper (Gargoyle Fighter)                   Turns: 2570, Time: 00:00:48

Health: -6/28      AC: 13    Str: 21    XL:     4   Next: 63%
Magic:  4/4        EV:  7    Int:  9    God:
Gold:   100        SH:  4    Dex:  9    Spells: 3/3 levels left

rFire   . . .      SeeInvis .    Y - +0 war axe
rCold   . . .      Faith    .    c - +0 buckler
rNeg    + . .      Spirit   .    l - +0 chain mail
rPois   inf        Reflect  .    (no helmet)
rElec   +          Harm     .    k - +0 cloak
rCorr   .          Rampage  .    (no gloves)
Will    .....                    (no boots)
Stlth   ..........               (no amulet)
HPRegen 0.09/turn                (no ring)
MPRegen 0.09/turn                (no ring)

@: no status effects
A: sickness immunity, AC +3, negative energy resistance 1, electricity
resistance, torment resistance 1, petrification resistance
a: no special abilities


You were on level 3 of the Dungeon.
You visited 1 branch of the dungeon, and saw 3 of its levels.

You collected 100 gold pieces.


Innate Abilities, Weirdness & Mutations

You are immune to sickness and miasma.
Your stone body is resilient. (AC +3)
You are immune to poison.
You resist negative energy. (rN+)
You are resistant to electric shocks. (rElec)
You are resistant to unholy torment.
You are immune to petrification.


   Skills:
 - Level 3.2 Fighting
 + Level 4.3 Axes
 - Level 3.2 Armour
 - Level 3.2 Shields


You had 3 spell levels left.
You didn't know any spells.
Your spell library was empty.

Inventory:

Hand Weapons
 j - a +0 mace
 Y - a +0 war axe (weapon)
Armour
 c - a +0 buckler (worn)
 k - a +0 cloak (worn)
 l - a +0 chain mail (worn)
Jewellery
 b - a ring of see invisible
Scrolls
 a - a scroll of identify
Potions
 d - 2 potions of might
 f - a potion of brilliance {unknown}
 g - a potion of experience {unknown}
 h - 2 potions of curing
 i - a potion of mutation {unknown}
 m - a potion of degeneration {unknown}

Dungeon Overview and Level Annotations

Branches:
Dungeon (3/15)

Altars:


Message History

The orc wizard gestures at you while chanting.
The magic dart hits you but does no damage.
You closely miss the orc wizard.
The orc wizard points at you and mumbles some strange words.
The magic dart hits you. The orc wizard casts a spell at you.
The magic dart hits you!
You closely miss the orc wizard. You closely miss the frilled lizard.
The frilled lizard bites you but does no damage.
The orc wizard hits you but does no damage.
You hit the orc priest.
The orc priest is heavily wounded.
You closely miss the frilled lizard. You hit the orc wizard.
The orc wizard hits you but does no damage.
You block the orc priest's attack.
The frilled lizard hisses.
The frilled lizard barely misses you.
You closely miss the orc priest.
The orc priest is heavily wounded.
You completely miss the frilled lizard. You barely miss the orc wizard.
The orc wizard casts a spell at you. You resist with some effort.
The orc priest closely misses you.
The frilled lizard bites you but does no damage.
The orc priest mumbles some strange prayers to Beogh against you.
Beogh smites you!
The frilled lizard bites you but does no damage.
The orc wizard hits you but does no damage.
You hit the orc priest.
The orc priest is severely wounded.
You hit the frilled lizard.
You kill the frilled lizard!
You closely miss the orc wizard. You block the orc priest's attack.
The orc wizard hits you but does no damage.
You barely miss the orc priest.
The orc priest is severely wounded.
You barely miss the orc wizard.
The orc priest invokes the aid of Beogh against you.
Beogh smites you!
You die...

##.## #.#<#..# #.#
#.#>##.# #># .#.# .#
##'## .#.# .# ##...##
... . ##.....## ### #
#.......## #.##
#.........####o..#.#
+.........'.)@)....#
#.........####o.....#
##.......## #..#.#.
##.....## .## ##...##
# ##+#


You could see an orc priest and an orc wizard.

Vanquished Creatures
  Terence (D:2)
  A worm (D:2)
  4 dart slugs
  2 orcs (D:3)
  5 ball pythons
  5 bats
  5 endoplasms
  2 giant cockroaches (D:1)
  5 goblins
  6 hobgoblins
  2 quokkas
  8 frilled lizards
  2 kobolds
  6 rats
54 creatures vanquished.

Vanquished Creatures (others)
  A plant (D:2)
1 creature vanquished.

Grand Total: 55 creatures vanquished

Notes
Turn   | Place    | Note
-------+----------+-------------------------------------------
     0 | D:1      | qw the Gargoyle Fighter began the quest for the Orb.
     0 | D:1      | Reached XP level 1. HP: 14/14 MP: 1/1
     0 | D:1      | 0 ||| qw: Version: 0.2-a-12-gaebbb33
     0 | D:1      | 0 ||| qw: Game counter: 1318
     0 | D:1      | 0 ||| qw: Always use a shield: true
     0 | D:1      | 0 ||| qw: God list: Okawaru
     0 | D:1      | 0 ||| qw: Allow faded altars: false
     0 | D:1      | 0 ||| qw: Do Orc after D:15 true
     0 | D:1      | 0 ||| qw: Do second Lair branch before Depths: true
     0 | D:1      | 0 ||| qw: Lair rune preference: random
     0 | D:1      | 0 ||| qw: Plans: Normal, Zot:1-4, God:TSO, Crypt, Tomb,
                  | Pan, Slime:5, Hells, Abyss, Orb
     0 | D:1      | 0 ||| PLANNING D:1-11
   112 | D:1      | Reached skill level 2 in Axes
   255 | D:1      | Reached XP level 2. HP: 17/19 MP: 2/2
   437 | D:1      | Reached skill level 3 in Axes
   521 | D:1      | Found a faded altar of an unknown god.
   539 | D:1      | Reached XP level 3. HP: 23/23 MP: 3/3
   681 | D:1      | 681 ||| Stepping ~*~*~tactically~*~*~ (hiding).
  1127 | D:1      | 1127 ||| UPGRADING to +0 cloak.
  1132 | D:1      | 1132 ||| READING 2 scrolls labelled GIRRAI YM LOET.
  1133 | D:1      | 1133 ||| DRINKING 3 amethyst potions.
  1134 | D:1      | 1134 ||| DRINKING 2 ruby potions.
  1235 | D:1      | 1235 ||| DROPPING potion of ambrosia.
  1337 | D:2      | 1337 ||| Stepping ~*~*~tactically~*~*~ (stealth).
  1340 | D:2      | 1340 ||| Stepping ~*~*~tactically~*~*~ (stealth).
  1473 | D:2      | Noticed Terence
  1488 | D:2      | Killed Terence
  1489 | D:2      | Reached skill level 4 in Axes
  1489 | D:2      | Reached XP level 4. HP: 10/28 MP: 4/4
  1702 | D:2      | 1702 ||| DROPPING +0 club.
  2036 | D:2      | 2036 ||| Stepping ~*~*~tactically~*~*~ (stealth).
  2494 | D:2      | 2494 ||| UPGRADING to +0 chain mail.
  2504 | D:2      | 2504 ||| DROPPING +0 scale mail.
  2505 | D:2      | 2505 ||| READING scroll labelled GINTOWNYTOCK.
  2506 | D:2      | 2506 ||| READING scroll labelled EFEEKA CI ANEFE.
  2568 | D:3      | HP: 3/28 [orc priest/divine providence (11)]
  2570 | D:3      | Killed from afar by an orc priest

Levels and vault maps discovered:
D:1:      kennysheep_arrival_seaside, layout_loops_ring,
          ebering_ecumenical_altar_abandoned
D:2:      layout_loops_ring, serial_forest, infiniplex_forest_end_1,
          infiniplex_forest_end_2, infiniplex_forest_lined_3,
          infiniplex_forest_lined_room_3, infiniplex_forest_straight_2,
          infiniplex_forest_lined_3, infiniplex_forest_lined_room_3,
          uniq_terence
D:3:      layout_loops_corners, mainiacjoe_overflow_catwalk,
          mainiacjoe_overflow_boulevard, minmay_quadrilaterals

Skill      XL: |  1  2  3 |
---------------+----------+-----
Axes           | 2 3 4 |  4.3
Fighting       | |  3.2
Armour         | |  3.2
Shields        | |  3.2

Action                   |  1- 3 |  4- 6 || total
-------------------------+-------+-------++-------
Melee: War axe           |   125 |    51 ||   176
  Use: Potion            |     2 |       ||     2
       Scroll            |     1 |     2 ||     3
Armor: Scale mail        |    60 |    13 ||    73
       Chain mail        |       |    11 ||    11
Dodge: Dodged            |    58 |    20 ||    78
Block: Buckler           |    17 |    12 ||    29

Table legend:
 A = Non-vault XP
 B = Vault XP
 C = Vault XP percentage of total XP
 D = Non-vault monster count
 E = Vault monster count
 F = Vault count percentage of total count
                 A         B        C        D         E       F
            +---------+---------+-------+---------+---------+-------
      Total |      99 |      36 |  26.7 |      53 |       1 |   1.9
            +---------+---------+-------+---------+---------+-------
        D:1 |      59 |       0 |   0.0 |      33 |       0 |   0.0
        D:2 |      33 |      36 |  52.2 |      17 |       1 |   5.6
        D:3 |       7 |       0 |   0.0 |       3 |       0 |   0.0
            +---------+---------+-------+---------+---------+-------
